Sasquatch vs Inferno
Created - 27 février 2017 at 19:13
Goals
|
| Sasquatch |
3 |
1 |
1 |
5 |
| Inferno |
0 |
2 |
1 |
3 |
|
Shots
|
| Sasquatch |
11 |
14 |
19 |
44 |
| Inferno |
9 |
11 |
10 |
30 |
|
1st period
1. Sasquatch , Yann Sauvé 3 (Josh Bailey, Linus Omark) at 0:14
2. Sasquatch , Jason Akeson 28 (Linus Omark, Nick Leddy) at 4:34
3. Sasquatch , Brock Trotter 12 (Stephane Da Costa, D.J King) at 16:44
Penalties :
Matthew Nieto (Anc) for Roughing (Minor) at 18:05
2nd period
4. Inferno , Stephane Veilleux 32 (Mikhail Grabovski, Jonathan Ferland) at 2:52
5. Sasquatch , Lars Eller 28 (D.J King) at 3:20
6. Inferno , Stephane Veilleux 33 (Mikhail Grabovski, Colby Robak) at 10:30
Penalties :
Linus Omark (Gat) for Roughing (Minor) at 4:03, Simon Danis-Pepin (Anc) for Roughing (Minor) at 6:24, Colby Robak (Anc) for Cross-checking (Minor) at 11:25, Jesper Fast (Gat) for Tripping (Minor) at 19:36
3rd period
7. Inferno , Mikhail Grabovski 30 (Stephane Veilleux, Sami Vatanen) at 0:12 (PP)
8. Sasquatch , Brock Trotter 13 (Stephane Da Costa) at 12:35
Penalties :
Simon Danis-Pepin (Anc) for Roughing (Minor) at 1:27, Brock Trotter (Gat) for Hooking (Minor) at 6:44, Jesper Fast (Gat) for Holding (Minor) at 15:10, Matthew Nieto (Anc) for Holding Stick (Minor) at 17:21
Goalie Stats
Corey Crawford (Gat), 27 saves from 30 shots - (0,900), W, 23-5-1, 60:00 minutes
Christopher Gibson (Anc), 27 saves from 28 shots - (0,964), 36:40 minutes
Josh Harding (Anc), 12 saves from 16 shots - (0,750), L, 24-12-6, 23:20 minutes
Players Stats for Sasquatch
Player Name G A P +/- PIM S H SB GA TA FO MP PP MP PK MP
------------------------------------------------------------------------------------
Andrej Sustr 0 0 0 1 0 0 1 1 0 0 0/0 12:19 0:00 2:33
Brock Trotter 2 0 2 2 2 2 2 0 0 0 0/0 12:33 0:01 1:31
D.J King 0 2 2 0 0 2 5 1 2 0 1/1 18:37 4:17 3:36
Drew Shore 0 0 0 0 0 4 2 0 1 0 2/7 10:36 0:00 3:36
Garnet Hathaway 0 0 0 0 0 0 1 0 0 1 2/2 10:31 0:08 0:00
James Wisniewski 0 0 0 0 0 2 1 0 0 0 0/0 21:27 4:20 2:33
Jason Akeson 1 0 1 1 0 7 2 0 1 0 2/2 20:25 5:30 0:00
Jesper Fast 0 0 0 0 4 1 0 1 0 0 0/0 6:58 0:00 0:00
Jonathan Blum 0 0 0 0 0 1 1 1 1 1 0/0 25:52 5:35 3:45
Josh Bailey 0 1 1 1 0 2 2 1 0 1 13/23 15:14 0:08 0:01
Lars Eller 1 0 1 0 0 5 2 1 0 0 9/20 17:32 5:30 1:21
Linus Omark 0 2 2 1 2 9 1 0 0 1 0/1 22:27 5:37 1:28
Nick Leddy 0 1 1 2 0 2 0 0 0 0 0/0 24:54 5:35 0:15
Ryan Strome 0 0 0 2 0 1 2 0 0 0 0/0 15:03 4:17 0:00
Stephane Da Costa 0 2 2 2 0 3 2 0 0 0 1/6 16:07 4:17 1:04
Teemu Hartikainen 0 0 0 0 0 2 1 0 0 0 0/0 7:20 0:00 0:29
Yann Sauvé 1 0 1 2 0 1 0 0 0 1 0/0 20:58 0:00 4:00
Yannick Weber 0 0 0 1 0 0 1 1 0 0 0/0 14:30 4:20 0:00
Players Stats for Inferno
Player Name G A P +/- PIM S H SB GA TA FO MP PP MP PK MP
------------------------------------------------------------------------------------
Anders Lee 0 0 0 0 0 0 0 0 0 0 2/3 6:44 0:15 1:22
Beau Bennett 0 0 0 0 0 1 0 0 0 0 0/0 4:50 0:03 0:00
Cal O'Reilly 0 0 0 0 0 1 0 0 0 0 2/4 10:05 0:00 0:00
Christian Folin 0 0 0 1 0 0 0 0 0 0 0/0 12:53 0:00 1:38
Colby Robak 0 1 1 -4 2 1 1 1 0 0 0/0 27:32 3:41 4:51
David Savard 0 0 0 0 0 0 1 1 0 1 0/0 21:55 2:52 5:27
David Ullstrom 0 0 0 -3 0 1 1 1 0 1 0/1 18:06 2:31 2:34
Jonathan Ferland 0 1 1 0 0 1 3 0 0 1 0/0 18:42 3:47 0:00
Kyle Palmieri 0 0 0 0 0 2 0 1 0 0 1/1 12:23 2:43 0:00
Matt Kassian 0 0 0 0 0 1 1 0 0 0 1/2 10:34 0:00 0:41
Matthew Nieto 0 0 0 0 4 1 0 0 0 0 0/0 7:37 0:15 1:22
Mikhail Grabovski 1 2 3 0 0 1 1 0 2 1 23/40 24:27 3:47 5:21
Sami Vatanen 0 1 1 -2 0 2 4 0 0 0 0/0 20:54 3:41 2:03
Simon Danis-Pepin 0 0 0 -2 4 1 0 0 1 0 0/0 21:39 0:00 3:50
Stephane Veilleux 2 1 3 0 0 7 1 2 0 0 0/0 24:24 3:47 5:18
Vladimir Sobotka 0 0 0 -3 0 6 1 1 1 1 3/11 18:44 2:31 3:12
Vladimir Zharkov 0 0 0 -3 0 4 0 1 0 0 0/0 12:43 0:00 0:00
Zach Redmond 0 0 0 1 0 0 0 0 1 0 0/0 15:48 2:52 2:01
3 Stars
1 - Stephane Veilleux (Anc)
2 - Brock Trotter (Gat)
3 - Mikhail Grabovski (Anc)
Power Play
Sasquatch - 0 on 5 Attempt(s) - 0,00%
Inferno - 1 on 4 Attempt(s) - 25,00%
Penalty Kill
Sasquatch - 3 on 4 Attempt(s) - 75,00%
- Score 0 goal in Penalty Kill
Inferno - 5 on 5 Attempt(s) - 100,00%
- Score 0 goal in Penalty Kill
Team Stat
Sasquatch - Hits : 26 - Faceoff Wins : 30 - Blocked Shots : 7 - Penalty Minutes : 8
Inferno - Hits : 14 - Faceoff Wins : 32 - Blocked Shots : 8 - Penalty Minutes : 10
Official
Referees : Hebert Ghislain and O'Rourke Dan
Linesman : Andy McElman and Scott Cherrey
Game Notes
Christopher Gibson enters game at 3:20 of 2nd period
Finance
Level 1 -- Attendance: 1484 (74,20%) -- Ticket Income 51 940 $
Level 2 -- Attendance: 738 (73,80%) -- Ticket Income 11 070 $
Total Attendance: 2222 (74,07%)
Total Ticket Income: 63 010 $
Other Income: 3 150 $
Total Income: 66 160 $
Sasquatch
5 vs 5 Forward
Center Left Wing Right Wing Time % Phy DF OF
1 Josh Bailey Linus Omark Jason Akeson 40 1 2 2
2 Lars Eller D.J King Garnet Hathaway 30 1 2 2
3 Stephane Da Costa Brock Trotter Ryan Strome 20 1 2 2
4 Drew Shore Teemu Hartikainen Jesper Fast 10 1 2 2
5 vs 5 Defense
Defense Defense Time % Phy DF OF
1 Nick Leddy Yann Sauvé 40 1 2 2
2 James Wisniewski Jonathan Blum 30 1 2 2
3 Andrej Sustr Yannick Weber 20 1 2 2
4 Jonathan Blum Nick Leddy 10 1 2 2
PowerPlay Forward
Center Left Wing Right Wing Time % Phy DF OF
1 Lars Eller Linus Omark Jason Akeson 60 1 2 2
2 Stephane Da Costa D.J King Ryan Strome 40 1 2 2
PowerPlay Defense
Defense Defense Time % Phy DF OF
1 Nick Leddy Jonathan Blum 60 1 2 2
2 Yannick Weber James Wisniewski 40 1 2 2
Penalty Kill 4 Players Forward
Center Wing Time % Phy DF OF
1 Drew Shore D.J King 60 1 2 2
2 Lars Eller Linus Omark 40 1 2 2
Penalty Kill 4 Players Defense
Defense Defense Time % Phy DF OF
1 Jonathan Blum Yann Sauvé 60 1 2 2
2 James Wisniewski Andrej Sustr 40 1 2 2
Penalty Kill - 3 Players Forward
Forward Time % Phy DF OF
1 Lars Eller 60 1 2 2
2 Drew Shore 40 1 2 2
Penalty Kill - 3 Players Defense
Defense Defense Time % Phy DF OF
1 Yann Sauvé Andrej Sustr 60 1 2 2
2 James Wisniewski Jonathan Blum 40 1 2 2
4 vs 4 Forward
Center Wing Time % Phy DF OF
1 Josh Bailey D.J King 60 1 2 2
2 Stephane Da Costa Linus Omark 40 1 2 2
4 vs 4 Defense
Defense Defense Time % Phy DF OF
1 Yann Sauvé Nick Leddy 60 1 2 2
2 Yannick Weber Jonathan Blum 40 1 2 2
Last Minutes Offensive
Center Left Wing Right Wing Defense Defense
Stephane Da Costa Linus Omark Jason Akeson Nick Leddy Jonathan Blum
Last Minutes Defensive
Center Left Wing Right Wing Defense Defense
Drew Shore Linus Omark D.J King James Wisniewski Yann Sauvé
Goaltenders
Starting : Corey Crawford
Backup : Jake Allen
Extra Forwards
Normal : Teemu Hartikainen, Drew Shore, Brock Trotter - PP : Josh Bailey, Linus Omark - PK : Brock Trotter
Extra Defensemen
Normal : Jonathan Blum, Yannick Weber, James Wisniewski - PP : Andrej Sustr - PK : Nick Leddy, Yannick Weber
Penalty Shots
Linus Omark, Lars Eller, Jason Akeson, Ryan Strome, James Wisniewski
Inferno
5 vs 5 Forward
Center Left Wing Right Wing Time % Phy DF OF
1 Mikhail Grabovski Stephane Veilleux Jonathan Ferland 40 1 2 2
2 Vladimir Sobotka David Ullstrom Vladimir Zharkov 30 1 2 2
3 Cal O'Reilly Matt Kassian Kyle Palmieri 20 1 2 2
4 Anders Lee Matthew Nieto Beau Bennett 10 1 2 2
5 vs 5 Defense
Defense Defense Time % Phy DF OF
1 Sami Vatanen Colby Robak 40 1 2 2
2 Simon Danis-Pepin David Savard 30 1 2 2
3 Zach Redmond Christian Folin 20 1 2 2
4 Simon Danis-Pepin Colby Robak 10 1 2 2
PowerPlay Forward
Center Left Wing Right Wing Time % Phy DF OF
1 Mikhail Grabovski Stephane Veilleux Jonathan Ferland 60 1 2 2
2 Vladimir Sobotka David Ullstrom Kyle Palmieri 40 1 2 2
PowerPlay Defense
Defense Defense Time % Phy DF OF
1 Sami Vatanen Colby Robak 60 1 2 2
2 Zach Redmond David Savard 40 1 2 2
Penalty Kill 4 Players Forward
Center Wing Time % Phy DF OF
1 Mikhail Grabovski Stephane Veilleux 60 1 2 2
2 Vladimir Sobotka David Ullstrom 40 1 2 2
Penalty Kill 4 Players Defense
Defense Defense Time % Phy DF OF
1 Simon Danis-Pepin Colby Robak 60 1 2 2
2 Zach Redmond David Savard 40 1 2 2
Penalty Kill - 3 Players Forward
Forward Time % Phy DF OF
1 Mikhail Grabovski 60 1 2 2
2 Stephane Veilleux 40 1 2 2
Penalty Kill - 3 Players Defense
Defense Defense Time % Phy DF OF
1 Simon Danis-Pepin Colby Robak 60 1 2 2
2 Zach Redmond David Savard 40 1 2 2
4 vs 4 Forward
Center Wing Time % Phy DF OF
1 Mikhail Grabovski Stephane Veilleux 60 1 2 2
2 Vladimir Sobotka Vladimir Zharkov 40 1 2 2
4 vs 4 Defense
Defense Defense Time % Phy DF OF
1 Sami Vatanen Colby Robak 60 1 2 2
2 Simon Danis-Pepin David Savard 40 1 2 2
Last Minutes Offensive
Center Left Wing Right Wing Defense Defense
Mikhail Grabovski Stephane Veilleux Vladimir Zharkov Sami Vatanen Colby Robak
Last Minutes Defensive
Center Left Wing Right Wing Defense Defense
Mikhail Grabovski Stephane Veilleux Vladimir Zharkov Simon Danis-Pepin Colby Robak
Goaltenders
Starting : Josh Harding
Backup : Christopher Gibson
Extra Forwards
Normal : Vladimir Sobotka, Vladimir Zharkov, Cal O'Reilly - PP : Vladimir Sobotka, Kyle Palmieri - PK : Vladimir Sobotka
Extra Defensemen
Normal : Colby Robak, David Savard, Simon Danis-Pepin - PP : Colby Robak - PK : Colby Robak, David Savard
Penalty Shots
Mikhail Grabovski, Vladimir Sobotka, Kyle Palmieri, Vladimir Zharkov, Anders Lee
% Time on Ice - Sasquatch
Lines # - Real PCT - Wanted PCT - Time Play
Normal Forward
1 - 36% - 40% - 15:29
2 - 25% - 30% - 10:44
3 - 24% - 20% - 10:28
4 - 16% - 10% - 6:51
Normal Defense
1 - 41% - 40% - 17:55
2 - 33% - 30% - 14:24
3 - 22% - 20% - 9:24
4 - 4% - 10% - 1:49
PP Forward
1 - 57% - 60% - 5:38
2 - 43% - 40% - 4:17
PP Defense
1 - 56% - 60% - 5:35
2 - 44% - 40% - 4:20
PK Forward
1 - 79% - 60% - 5:12
2 - 21% - 40% - 1:21
PK Defense
1 - 61% - 60% - 4:00
2 - 39% - 40% - 2:33
PK3 Forward
1 - 0% - 60%
2 - 0% - 40%
PK3 Defense
1 - 0% - 60%
2 - 0% - 40%
44 Forward
1 - 0% - 60%
2 - 0% - 40%
44 Defense
1 - 0% - 60%
2 - 0% - 40%
Last Minute Offensive - 0:00
Last Minute Defensive - 0:00
Total
Forward - 60:00
Defense - 60:00
|
% Time on Ice - Inferno
Lines # - Real PCT - Wanted PCT - Time Play
Normal Forward
1 - 36% - 40% - 15:39
2 - 30% - 30% - 13:13
3 - 23% - 20% - 9:53
4 - 11% - 10% - 4:47
Normal Defense
1 - 37% - 40% - 16:06
2 - 30% - 30% - 13:03
3 - 25% - 20% - 10:55
4 - 8% - 10% - 3:28
PP Forward
1 - 59% - 60% - 3:50
2 - 41% - 40% - 2:43
PP Defense
1 - 56% - 60% - 3:41
2 - 44% - 40% - 2:52
PK Forward
1 - 74% - 60% - 7:21
2 - 26% - 40% - 2:34
PK Defense
1 - 80% - 60% - 7:54
2 - 20% - 40% - 2:01
PK3 Forward
1 - 0% - 60%
2 - 0% - 40%
PK3 Defense
1 - 0% - 60%
2 - 0% - 40%
44 Forward
1 - 0% - 60%
2 - 0% - 40%
44 Defense
1 - 0% - 60%
2 - 0% - 40%
Last Minute Offensive - 0:00
Last Minute Defensive - 0:00
Total
Forward - 60:00
Defense - 60:00
|
Play by Play
1st period
0:01 of 1st period - Josh Bailey wins face-off versus Mikhail Grabovski in neutral zone.
0:12 of 1st period - Snap shot by Josh Bailey.
0:12 of 1st period - Shot Misses the Net.
0:14 of 1st period - Snap shot by Yann Sauvé.
0:14 of 1st period - Goal by Yann Sauvé - Sasquatch : 1 - Inferno : 0.
0:15 of 1st period - Lars Eller wins face-off versus Vladimir Sobotka in neutral zone.
0:40 of 1st period - Simon Danis-Pepin is hit by Brock Trotter.
0:52 of 1st period - Slapshot by Brock Trotter.
0:52 of 1st period - Shot Misses the Net.
1:14 of 1st period - Wrist shot by Jason Akeson.
1:14 of 1st period - Stopped by Josh Harding with a rebound.
1:32 of 1st period - Wrist shot by Drew Shore.
1:32 of 1st period - Stopped by Josh Harding with a rebound.
1:34 of 1st period - Slapshot by Nick Leddy.
1:34 of 1st period - Stopped by Josh Harding with a rebound.
1:36 of 1st period - Slapshot by Teemu Hartikainen.
1:36 of 1st period - Stopped by Josh Harding without a rebound.
1:37 of 1st period - Garnet Hathaway wins face-off versus Vladimir Sobotka in Inferno zone.
2:33 of 1st period - Snap shot by Anders Lee.
2:33 of 1st period - Shot Misses the Net.
2:47 of 1st period - David Savard is hit by Drew Shore and loses puck.
3:29 of 1st period - Linus Omark is hit by Sami Vatanen and loses puck.
3:53 of 1st period - Wrist shot by Brock Trotter.
3:53 of 1st period - Shot Misses the Net.
4:24 of 1st period - Snap shot by Vladimir Sobotka.
4:24 of 1st period - Shot Blocked by Jesper Fast.
4:26 of 1st period - Slapshot by Vladimir Sobotka.
4:26 of 1st period - Stopped by Corey Crawford without a rebound.
4:27 of 1st period - Josh Bailey wins face-off versus Vladimir Sobotka in Sasquatch zone.
4:32 of 1st period - Slapshot by Nick Leddy.
4:32 of 1st period - Shot Misses the Net.
4:34 of 1st period - Slapshot by Linus Omark.
4:34 of 1st period - Deflect By Jason Akeson.
4:34 of 1st period - Goal by Jason Akeson - Sasquatch : 2 - Inferno : 0.
4:35 of 1st period - Josh Bailey wins face-off versus Mikhail Grabovski in neutral zone.
5:00 of 1st period - Vladimir Sobotka is hit by D.J King and loses puck.
6:04 of 1st period - Snap shot by Mikhail Grabovski.
6:04 of 1st period - Deflect By Stephane Veilleux.
6:04 of 1st period - Shot Misses the Net.
6:04 of 1st period - Puck is out of play.
6:05 of 1st period - Mikhail Grabovski wins face-off versus Lars Eller in Sasquatch zone.
6:30 of 1st period - Colby Robak is hit by Linus Omark and loses puck.
7:33 of 1st period - Icing by James Wisniewski.
7:34 of 1st period - Lars Eller wins face-off versus Cal O'Reilly in Sasquatch zone.
7:43 of 1st period - Wrist shot by Kyle Palmieri.
7:43 of 1st period - Stopped by Corey Crawford with a rebound.
9:06 of 1st period - Snap shot by D.J King.
9:06 of 1st period - Stopped by Josh Harding with a rebound.
9:46 of 1st period - Slapshot by Stephane Veilleux.
9:46 of 1st period - Shot Misses the Net.
9:48 of 1st period - Slapshot by Simon Danis-Pepin.
9:48 of 1st period - Stopped by Corey Crawford without a rebound.
9:49 of 1st period - Lars Eller wins face-off versus Mikhail Grabovski in Sasquatch zone.
9:49 of 1st period - Lars Eller is hit by Jonathan Ferland.
10:20 of 1st period - Slapshot by Vladimir Zharkov.
10:20 of 1st period - Shot Misses the Net.
10:22 of 1st period - Snap shot by Vladimir Sobotka.
10:22 of 1st period - Stopped by Corey Crawford without a rebound.
10:23 of 1st period - Jason Akeson wins face-off versus Vladimir Sobotka in Sasquatch zone.
11:09 of 1st period - Snap shot by Cal O'Reilly.
11:09 of 1st period - Shot Misses the Net.
11:39 of 1st period - Snap shot by Vladimir Zharkov.
11:39 of 1st period - Shot Misses the Net.
12:04 of 1st period - Wrist shot by Jesper Fast.
12:04 of 1st period - Stopped by Josh Harding without a rebound.
12:05 of 1st period - Mikhail Grabovski wins face-off versus Drew Shore in Inferno zone.
12:15 of 1st period - Off-side.
12:16 of 1st period - Mikhail Grabovski wins face-off versus Josh Bailey in neutral zone.
12:48 of 1st period - Snap shot by Vladimir Sobotka.
12:48 of 1st period - Shot Blocked by D.J King.
12:50 of 1st period - Snap shot by David Ullstrom.
12:50 of 1st period - Stopped by Corey Crawford with a rebound.
12:52 of 1st period - Snap shot by Vladimir Zharkov.
12:52 of 1st period - Stopped by Corey Crawford without a rebound.
12:53 of 1st period - Mikhail Grabovski wins face-off versus Stephane Da Costa in Sasquatch zone.
12:54 of 1st period - Snap shot by Stephane Veilleux.
12:54 of 1st period - Stopped by Corey Crawford with a rebound.
12:56 of 1st period - Slapshot by Simon Danis-Pepin.
12:56 of 1st period - Shot Blocked by Andrej Sustr.
13:18 of 1st period - Snap shot by Linus Omark.
13:18 of 1st period - Stopped by Josh Harding with a rebound.
14:47 of 1st period - Wrist shot by Vladimir Sobotka.
14:47 of 1st period - Stopped by Corey Crawford with a rebound.
14:49 of 1st period - Slapshot by Zach Redmond.
14:49 of 1st period - Shot Misses the Net.
14:51 of 1st period - Snap shot by Vladimir Sobotka.
14:51 of 1st period - Stopped by Corey Crawford with a rebound.
15:29 of 1st period - Off-side.
15:30 of 1st period - Mikhail Grabovski wins face-off versus Josh Bailey in neutral zone.
15:35 of 1st period - Josh Bailey is hit by Jonathan Ferland and loses puck.
16:09 of 1st period - Snap shot by Linus Omark.
16:09 of 1st period - Stopped by Josh Harding without a rebound.
16:10 of 1st period - Mikhail Grabovski wins face-off versus Lars Eller in Inferno zone.
16:10 of 1st period - Mikhail Grabovski is hit by D.J King.
16:44 of 1st period - Wrist shot by Brock Trotter.
16:44 of 1st period - Goal by Brock Trotter - Sasquatch : 3 - Inferno : 0.
16:45 of 1st period - Mikhail Grabovski wins face-off versus Linus Omark in neutral zone.
16:45 of 1st period - Stephane Veilleux is hit by Josh Bailey and loses puck.
17:00 of 1st period - Snap shot by Jonathan Ferland.
17:00 of 1st period - Shot Misses the Net.
17:35 of 1st period - Vladimir Zharkov is hit by Garnet Hathaway and loses puck.
17:55 of 1st period - Off-side.
17:56 of 1st period - Stephane Da Costa wins face-off versus Anders Lee in neutral zone.
17:59 of 1st period - Zach Redmond is hit by Ryan Strome and loses puck.
18:05 of 1st period - Minor Penalty to Matthew Nieto for Roughing.
18:06 of 1st period - Mikhail Grabovski wins face-off versus Lars Eller in Inferno zone.
18:32 of 1st period - Stephane Veilleux is hit by Ryan Strome and loses puck.
19:00 of 1st period - Colby Robak is hit by Jason Akeson and loses puck.
Goals for this period are 3 for Sasquatch vs 0 for Inferno.
Shots for this period are 11 for Sasquatch vs 9 for Inferno.
2nd period
0:01 of 2nd period - Mikhail Grabovski wins face-off versus Lars Eller in neutral zone.
0:05 of 2nd period - Penalty to Matthew Nieto is over, Matthew Nieto is back on ice.
0:16 of 2nd period - Snap shot by Jason Akeson.
0:16 of 2nd period - Shot Misses the Net.
1:37 of 2nd period - Snap shot by D.J King.
1:37 of 2nd period - Stopped by Josh Harding with a rebound.
2:04 of 2nd period - Icing by Nick Leddy.
2:05 of 2nd period - Drew Shore wins face-off versus Cal O'Reilly in Sasquatch zone.
2:30 of 2nd period - Slapshot by Nick Leddy.
2:30 of 2nd period - Stopped by Josh Harding with a rebound.
2:32 of 2nd period - Wrist shot by Linus Omark.
2:32 of 2nd period - Stopped by Josh Harding without a rebound.
2:33 of 2nd period - Josh Bailey wins face-off versus Mikhail Grabovski in Inferno zone.
2:34 of 2nd period - Wrist shot by Linus Omark.
2:34 of 2nd period - Shot Misses the Net.
2:36 of 2nd period - Snap shot by Linus Omark.
2:36 of 2nd period - Shot Misses the Net.
2:38 of 2nd period - Wrist shot by Jason Akeson.
2:38 of 2nd period - Shot Misses the Net.
2:40 of 2nd period - Slapshot by James Wisniewski.
2:40 of 2nd period - Shot Blocked by Stephane Veilleux.
2:42 of 2nd period - Snap shot by Jason Akeson.
2:42 of 2nd period - Shot Misses the Net.
2:44 of 2nd period - Snap shot by Jason Akeson.
2:44 of 2nd period - Stopped by Josh Harding without a rebound.
2:45 of 2nd period - Mikhail Grabovski wins face-off versus Josh Bailey in Inferno zone.
2:50 of 2nd period - Snap shot by Mikhail Grabovski.
2:50 of 2nd period - Shot Misses the Net.
2:52 of 2nd period - Slapshot by Stephane Veilleux.
2:52 of 2nd period - Goal by Stephane Veilleux - Sasquatch : 3 - Inferno : 1.
2:53 of 2nd period - Josh Bailey wins face-off versus Mikhail Grabovski in neutral zone.
3:20 of 2nd period - Slapshot by Lars Eller.
3:20 of 2nd period - Goal by Lars Eller - Sasquatch : 4 - Inferno : 1.
3:20 of 2nd period - Christopher Gibson enters game.
3:21 of 2nd period - Garnet Hathaway wins face-off versus Mikhail Grabovski in neutral zone.
3:26 of 2nd period - Slapshot by Nick Leddy.
3:26 of 2nd period - Shot Blocked by David Savard.
3:28 of 2nd period - Wrist shot by Lars Eller.
3:28 of 2nd period - Stopped by Christopher Gibson without a rebound.
3:29 of 2nd period - Mikhail Grabovski wins face-off versus Lars Eller in Inferno zone.
3:36 of 2nd period - Snap shot by Lars Eller.
3:36 of 2nd period - Stopped by Christopher Gibson without a rebound.
3:37 of 2nd period - Mikhail Grabovski wins face-off versus Josh Bailey in Inferno zone.
3:46 of 2nd period - Wrist shot by Mikhail Grabovski.
3:46 of 2nd period - Shot Misses the Net.
3:48 of 2nd period - Wrist shot by Stephane Veilleux.
3:48 of 2nd period - Stopped by Corey Crawford without a rebound.
3:49 of 2nd period - Josh Bailey wins face-off versus Mikhail Grabovski in Sasquatch zone.
4:03 of 2nd period - Minor Penalty to Linus Omark for Roughing.
4:04 of 2nd period - Mikhail Grabovski wins face-off versus Drew Shore in Sasquatch zone.
6:03 of 2nd period - Penalty to Linus Omark is over, Linus Omark is back on ice.
6:24 of 2nd period - Minor Penalty to Simon Danis-Pepin for Roughing.
6:25 of 2nd period - Jason Akeson wins face-off versus Mikhail Grabovski in Inferno zone.
6:51 of 2nd period - Jonathan Blum is hit by Vladimir Sobotka and loses puck.
7:29 of 2nd period - Vladimir Sobotka is hit by Stephane Da Costa and loses puck.
8:24 of 2nd period - Penalty to Simon Danis-Pepin is over, Simon Danis-Pepin is back on ice.
8:39 of 2nd period - Slapshot by David Ullstrom.
8:39 of 2nd period - Deflect By Vladimir Sobotka.
8:39 of 2nd period - Shot Misses the Net.
8:39 of 2nd period - Puck is out of play.
8:40 of 2nd period - Cal O'Reilly wins face-off versus Drew Shore in Sasquatch zone.
8:45 of 2nd period - Backhand shot by Cal O'Reilly.
8:45 of 2nd period - Shot Misses the Net.
8:51 of 2nd period - Colby Robak is hit by Drew Shore and loses puck.
10:28 of 2nd period - Wrist shot by Mikhail Grabovski.
10:28 of 2nd period - Shot Blocked by Yannick Weber.
10:30 of 2nd period - Snap shot by Stephane Veilleux.
10:30 of 2nd period - Goal by Stephane Veilleux - Sasquatch : 4 - Inferno : 2.
10:31 of 2nd period - Mikhail Grabovski wins face-off versus Josh Bailey in neutral zone.
10:34 of 2nd period - Wrist shot by Jonathan Ferland.
10:34 of 2nd period - Shot Misses the Net.
10:36 of 2nd period - Wrist shot by Stephane Veilleux.
10:36 of 2nd period - Shot Misses the Net.
10:38 of 2nd period - Wrist shot by Stephane Veilleux.
10:38 of 2nd period - Stopped by Corey Crawford without a rebound.
10:39 of 2nd period - Mikhail Grabovski wins face-off versus Josh Bailey in Sasquatch zone.
10:42 of 2nd period - Snap shot by Jonathan Ferland.
10:42 of 2nd period - Stopped by Corey Crawford without a rebound.
10:43 of 2nd period - Josh Bailey wins face-off versus Mikhail Grabovski in Sasquatch zone.
10:43 of 2nd period - Josh Bailey is hit by Mikhail Grabovski.
11:16 of 2nd period - Christian Folin is hit by Lars Eller and loses puck.
11:21 of 2nd period - Wrist shot by Lars Eller.
11:21 of 2nd period - Stopped by Christopher Gibson without a rebound.
11:22 of 2nd period - Matt Kassian wins face-off versus Stephane Da Costa in Inferno zone.
11:22 of 2nd period - Matt Kassian is hit by Brock Trotter.
11:25 of 2nd period - Minor Penalty to Colby Robak for Cross-checking.
11:26 of 2nd period - Lars Eller wins face-off versus Mikhail Grabovski in Inferno zone.
11:36 of 2nd period - Snap shot by Stephane Veilleux.
11:36 of 2nd period - Stopped by Corey Crawford without a rebound.
11:37 of 2nd period - Mikhail Grabovski wins face-off versus Lars Eller in Sasquatch zone.
12:02 of 2nd period - Stephane Veilleux is hit by Jonathan Blum and loses puck.
12:13 of 2nd period - Wrist shot by Stephane Da Costa.
12:13 of 2nd period - Shot Misses the Net.
13:25 of 2nd period - Penalty to Colby Robak is over, Colby Robak is back on ice.
14:24 of 2nd period - Mikhail Grabovski is hit by Stephane Da Costa and loses puck.
15:03 of 2nd period - David Ullstrom is hit by D.J King and loses puck.
15:27 of 2nd period - Icing by Lars Eller.
15:28 of 2nd period - Anders Lee wins face-off versus Lars Eller in Sasquatch zone.
15:39 of 2nd period - Off-side.
15:40 of 2nd period - Josh Bailey wins face-off versus Mikhail Grabovski in neutral zone.
15:52 of 2nd period - Wrist shot by Linus Omark.
15:52 of 2nd period - Stopped by Christopher Gibson without a rebound.
15:53 of 2nd period - Mikhail Grabovski wins face-off versus Josh Bailey in Inferno zone.
15:53 of 2nd period - Mikhail Grabovski is hit by Josh Bailey.
16:09 of 2nd period - Slapshot by Mikhail Grabovski.
16:09 of 2nd period - Shot Blocked by Jonathan Blum.
16:32 of 2nd period - Slapshot by James Wisniewski.
16:32 of 2nd period - Stopped by Christopher Gibson with a rebound.
16:53 of 2nd period - Slapshot by Cal O'Reilly.
16:53 of 2nd period - Deflect By Kyle Palmieri.
16:53 of 2nd period - Shot Misses the Net.
16:53 of 2nd period - Puck is out of play.
16:54 of 2nd period - Josh Bailey wins face-off versus Matt Kassian in Sasquatch zone.
17:07 of 2nd period - Snap shot by Sami Vatanen.
17:07 of 2nd period - Stopped by Corey Crawford with a rebound.
17:41 of 2nd period - Wrist shot by Vladimir Zharkov.
17:41 of 2nd period - Stopped by Corey Crawford with a rebound.
17:43 of 2nd period - Wrist shot by Vladimir Zharkov.
17:43 of 2nd period - Stopped by Corey Crawford with a rebound.
17:45 of 2nd period - Slapshot by Colby Robak.
17:45 of 2nd period - Stopped by Corey Crawford with a rebound.
17:47 of 2nd period - Slapshot by Colby Robak.
17:47 of 2nd period - Shot Misses the Net.
18:26 of 2nd period - Slapshot by Cal O'Reilly.
18:26 of 2nd period - Deflect By Drew Shore.
18:26 of 2nd period - Stopped by Corey Crawford without a rebound.
18:27 of 2nd period - Lars Eller wins face-off versus Mikhail Grabovski in Sasquatch zone.
18:54 of 2nd period - Linus Omark is hit by David Ullstrom and loses puck.
19:15 of 2nd period - Wrist shot by Stephane Da Costa.
19:15 of 2nd period - Stopped by Christopher Gibson with a rebound.
19:17 of 2nd period - Snap shot by Ryan Strome.
19:17 of 2nd period - Stopped by Christopher Gibson with a rebound.
19:19 of 2nd period - Snap shot by Stephane Da Costa.
19:19 of 2nd period - Stopped by Christopher Gibson with a rebound.
19:21 of 2nd period - Slapshot by Yann Sauvé.
19:21 of 2nd period - Shot Blocked by Kyle Palmieri.
19:23 of 2nd period - Slapshot by Stephane Da Costa.
19:23 of 2nd period - Shot Misses the Net.
19:25 of 2nd period - Slapshot by Andrej Sustr.
19:25 of 2nd period - Shot Misses the Net.
19:36 of 2nd period - Minor Penalty to Jesper Fast for Tripping.
19:37 of 2nd period - D.J King wins face-off versus Mikhail Grabovski in Sasquatch zone.
19:46 of 2nd period - Wrist shot by Drew Shore.
19:46 of 2nd period - Stopped by Christopher Gibson with a rebound.
Goals for this period are 1 for Sasquatch vs 2 for Inferno.
Shots for this period are 14 for Sasquatch vs 11 for Inferno.
3rd period
0:01 of 3rd period - Mikhail Grabovski wins face-off versus Drew Shore in neutral zone.
0:12 of 3rd period - Wrist shot by Mikhail Grabovski.
0:12 of 3rd period - Goal by Mikhail Grabovski - Sasquatch : 4 - Inferno : 3.
0:13 of 3rd period - Mikhail Grabovski wins face-off versus Josh Bailey in neutral zone.
0:16 of 3rd period - Jason Akeson is hit by Jonathan Ferland and loses puck.
0:42 of 3rd period - Off-side.
0:43 of 3rd period - Vladimir Sobotka wins face-off versus Lars Eller in neutral zone.
0:56 of 3rd period - Backhand shot by Lars Eller.
0:56 of 3rd period - Shot Misses the Net.
0:58 of 3rd period - Snap shot by D.J King.
0:58 of 3rd period - Shot Blocked by Vladimir Sobotka.
1:27 of 3rd period - Minor Penalty to Simon Danis-Pepin for Roughing.
1:28 of 3rd period - Lars Eller wins face-off versus Mikhail Grabovski in Inferno zone.
1:29 of 3rd period - Wrist shot by Linus Omark.
1:29 of 3rd period - Stopped by Christopher Gibson with a rebound.
1:59 of 3rd period - Mikhail Grabovski is hit by Yannick Weber and loses puck.
2:41 of 3rd period - Slapshot by Matthew Nieto.
2:41 of 3rd period - Stopped by Corey Crawford with a rebound.
2:43 of 3rd period - Slapshot by Sami Vatanen.
2:43 of 3rd period - Stopped by Corey Crawford without a rebound.
2:44 of 3rd period - Anders Lee wins face-off versus Stephane Da Costa in Sasquatch zone.
3:27 of 3rd period - Penalty to Simon Danis-Pepin is over, Simon Danis-Pepin is back on ice.
3:44 of 3rd period - Slapshot by Jesper Fast.
3:44 of 3rd period - Shot Blocked by Colby Robak.
3:46 of 3rd period - Slapshot by Teemu Hartikainen.
3:46 of 3rd period - Stopped by Christopher Gibson with a rebound.
3:48 of 3rd period - Slapshot by Yannick Weber.
3:48 of 3rd period - Shot Misses the Net.
3:50 of 3rd period - Slapshot by James Wisniewski.
3:50 of 3rd period - Stopped by Christopher Gibson with a rebound.
4:14 of 3rd period - Lars Eller is hit by Sami Vatanen and loses puck.
4:43 of 3rd period - Linus Omark is hit by Matt Kassian and loses puck.
5:10 of 3rd period - Snap shot by Drew Shore.
5:10 of 3rd period - Stopped by Christopher Gibson with a rebound.
5:12 of 3rd period - Slapshot by Drew Shore.
5:12 of 3rd period - Shot Misses the Net.
5:35 of 3rd period - Wrist shot by Kyle Palmieri.
5:35 of 3rd period - Shot Misses the Net.
5:47 of 3rd period - Josh Bailey is hit by David Savard and loses puck.
5:56 of 3rd period - Slapshot by Stephane Veilleux.
5:56 of 3rd period - Stopped by Corey Crawford with a rebound.
5:59 of 3rd period - Icing by Nick Leddy.
6:00 of 3rd period - Josh Bailey wins face-off versus Vladimir Sobotka in Sasquatch zone.
6:11 of 3rd period - Garnet Hathaway is hit by Stephane Veilleux and loses puck.
6:44 of 3rd period - Minor Penalty to Brock Trotter for Hooking.
6:45 of 3rd period - Mikhail Grabovski wins face-off versus Drew Shore in Sasquatch zone.
8:44 of 3rd period - Penalty to Brock Trotter is over, Brock Trotter is back on ice.
8:58 of 3rd period - Slapshot by Beau Bennett.
8:58 of 3rd period - Stopped by Corey Crawford with a rebound.
9:00 of 3rd period - Slapshot by Anders Lee.
9:00 of 3rd period - Shot Misses the Net.
9:02 of 3rd period - Slapshot by Sami Vatanen.
9:02 of 3rd period - Shot Blocked by Josh Bailey.
9:39 of 3rd period - Zach Redmond is hit by Andrej Sustr and loses puck.
9:44 of 3rd period - Wrist shot by Stephane Da Costa.
9:44 of 3rd period - Stopped by Christopher Gibson without a rebound.
9:45 of 3rd period - Mikhail Grabovski wins face-off versus Stephane Da Costa in Inferno zone.
9:51 of 3rd period - Icing by Ryan Strome.
9:52 of 3rd period - Mikhail Grabovski wins face-off versus Stephane Da Costa in Sasquatch zone.
9:57 of 3rd period - Snap shot by Jonathan Ferland.
9:57 of 3rd period - Shot Misses the Net.
11:04 of 3rd period - Snap shot by Brock Trotter.
11:04 of 3rd period - Shot Blocked by Stephane Veilleux.
12:29 of 3rd period - Slapshot by Jonathan Blum.
12:29 of 3rd period - Stopped by Christopher Gibson with a rebound.
12:35 of 3rd period - Slapshot by Brock Trotter.
12:35 of 3rd period - Goal by Brock Trotter - Sasquatch : 5 - Inferno : 3.
12:36 of 3rd period - Josh Bailey wins face-off versus Vladimir Sobotka in neutral zone.
12:43 of 3rd period - Wrist shot by Linus Omark.
12:43 of 3rd period - Shot Hit the Post.
12:45 of 3rd period - Snap shot by Linus Omark.
12:45 of 3rd period - Stopped by Christopher Gibson without a rebound.
12:46 of 3rd period - Josh Bailey wins face-off versus David Ullstrom in Inferno zone.
13:13 of 3rd period - Wrist shot by Linus Omark.
13:13 of 3rd period - Stopped by Christopher Gibson without a rebound.
13:14 of 3rd period - Kyle Palmieri wins face-off versus Lars Eller in Inferno zone.
13:14 of 3rd period - Kyle Palmieri is hit by D.J King.
13:22 of 3rd period - Wrist shot by Kyle Palmieri.
13:22 of 3rd period - Shot Blocked by Lars Eller.
13:24 of 3rd period - Snap shot by Kyle Palmieri.
13:24 of 3rd period - Stopped by Corey Crawford without a rebound.
13:25 of 3rd period - Vladimir Sobotka wins face-off versus Josh Bailey in Sasquatch zone.
13:26 of 3rd period - Wrist shot by Vladimir Zharkov.
13:26 of 3rd period - Stopped by Corey Crawford with a rebound.
13:32 of 3rd period - Wrist shot by Linus Omark.
13:32 of 3rd period - Stopped by Christopher Gibson without a rebound.
13:33 of 3rd period - Josh Bailey wins face-off versus Vladimir Sobotka in Inferno zone.
13:34 of 3rd period - Snap shot by Linus Omark.
13:34 of 3rd period - Shot Misses the Net.
13:36 of 3rd period - Wrist shot by Jason Akeson.
13:36 of 3rd period - Shot Blocked by Vladimir Zharkov.
13:38 of 3rd period - Slapshot by Linus Omark.
13:38 of 3rd period - Stopped by Christopher Gibson with a rebound.
13:42 of 3rd period - Snap shot by Jason Akeson.
13:42 of 3rd period - Stopped by Christopher Gibson with a rebound.
13:44 of 3rd period - Snap shot by Linus Omark.
13:44 of 3rd period - Shot Blocked by David Ullstrom.
13:54 of 3rd period - Wrist shot by Vladimir Zharkov.
13:54 of 3rd period - Shot Misses the Net.
14:00 of 3rd period - Josh Bailey is hit by Sami Vatanen.
14:08 of 3rd period - Snap shot by Jason Akeson.
14:08 of 3rd period - Stopped by Christopher Gibson with a rebound.
14:10 of 3rd period - Wrist shot by Josh Bailey.
14:10 of 3rd period - Stopped by Christopher Gibson with a rebound.
14:12 of 3rd period - Backhand shot by Nick Leddy.
14:12 of 3rd period - Shot Hit the Post.
14:14 of 3rd period - Snap shot by Josh Bailey.
14:14 of 3rd period - Stopped by Christopher Gibson with a rebound.
14:25 of 3rd period - Icing by Sami Vatanen.
14:26 of 3rd period - Vladimir Sobotka wins face-off versus Lars Eller in Inferno zone.
14:26 of 3rd period - Vladimir Sobotka is hit by James Wisniewski.
14:54 of 3rd period - Sami Vatanen is hit by Teemu Hartikainen and loses puck.
15:01 of 3rd period - James Wisniewski is hit by Sami Vatanen and loses puck.
15:10 of 3rd period - Minor Penalty to Jesper Fast for Holding.
15:11 of 3rd period - Drew Shore wins face-off versus Mikhail Grabovski in Sasquatch zone.
16:37 of 3rd period - Stephane Veilleux is hit by Lars Eller and loses puck.
16:54 of 3rd period - Zach Redmond is hit by D.J King and loses puck.
17:10 of 3rd period - Penalty to Jesper Fast is over, Jesper Fast is back on ice.
17:18 of 3rd period - Snap shot by Brock Trotter.
17:18 of 3rd period - Deflect By Drew Shore.
17:18 of 3rd period - Stopped by Christopher Gibson without a rebound.
17:19 of 3rd period - Cal O'Reilly wins face-off versus Josh Bailey in Inferno zone.
17:21 of 3rd period - Minor Penalty to Matthew Nieto for Holding Stick.
17:22 of 3rd period - Lars Eller wins face-off versus Mikhail Grabovski in Inferno zone.
17:30 of 3rd period - Wrist shot by Jason Akeson.
17:30 of 3rd period - Stopped by Christopher Gibson with a rebound.
17:34 of 3rd period - Wrist shot by Jason Akeson.
17:34 of 3rd period - Stopped by Christopher Gibson with a rebound.
18:10 of 3rd period - Off-side.
18:11 of 3rd period - Lars Eller wins face-off versus Vladimir Sobotka in neutral zone.
18:18 of 3rd period - Snap shot by Lars Eller.
18:18 of 3rd period - Stopped by Christopher Gibson without a rebound.
18:19 of 3rd period - Mikhail Grabovski wins face-off versus Lars Eller in Inferno zone.
18:51 of 3rd period - Snap shot by Vladimir Sobotka.
18:51 of 3rd period - Stopped by Corey Crawford with a rebound.
18:58 of 3rd period - Off-side.
18:59 of 3rd period - Lars Eller wins face-off versus Mikhail Grabovski in neutral zone.
19:04 of 3rd period - Simon Danis-Pepin is hit by Jason Akeson and loses puck.
19:21 of 3rd period - Penalty to Matthew Nieto is over, Matthew Nieto is back on ice.
19:27 of 3rd period - Nick Leddy is hit by Colby Robak and loses puck.
19:36 of 3rd period - Slapshot by Vladimir Sobotka.
19:36 of 3rd period - Stopped by Corey Crawford with a rebound.
19:59 of 3rd period - Snap shot by Matt Kassian.
19:59 of 3rd period - Stopped by Corey Crawford with a rebound.
Goals for this period are 1 for Sasquatch vs 1 for Inferno.
Shots for this period are 19 for Sasquatch vs 10 for Inferno.
Back to the Top